team 1 (winner) 
              
              
bLinn (
blue | 140 APM | 4359 actions | 31:04)
              
 5 Blademaster 
 3 Wind Walk
 2 Critical Strike
 4 Shadow Hunter 
 2 Hex
 2 Healing Wave
 
                » actions 
                
                | Assign group hotkey | 81 |  | 
| Basic commands | 31 |  | 
| Build / train | 145 |  | 
| Enter build submenu | 18 |  | 
| Enter hero's abilities submenu | 9 |  | 
| Give item / drop item | 4 |  | 
| Remove unit from queue | 11 |  | 
| Right click | 1907 |  | 
| Select / deselect | 532 |  | 
| Select group hotkey | 1355 |  | 
| Use ability | 265 |  | 
                4359 total
 » units 
                
                | Peon | 18 |  | 
| Grunt | 18 |  | 
| Kodo Beast | 2 |  | 
| Spirit Walker | 1 |  | 
| Raider | 8 |  | 
| Troll Witch Doctor | 4 |  | 
| Troll Batrider | 4 |  | 
| Tauren | 2 |  | 
                57 total
 » upgrades
                
                | Berserker Strength | 1 |  | 
| Spirit Walker Training | 2 |  | 
| Ensnare | 1 |  | 
| Armor | 3 |  | 
| Pillage | 1 |  | 
| Witch Doctor Training | 2 |  | 
| Melee Weapons | 3 |  | 
| War Drums Damage Increase | 1 |  | 
| Pulverize | 1 |  | 
| Liquid Fire | 1 |  | 
                16 total
 » buildings
                
                | Altar of Storms | 1 |  | 
| Orc Burrow | 7 |  | 
| Barracks | 1 |  | 
| Voodoo Lounge | 2 |  | 
| Stronghold | 2 |  | 
| War Mill | 1 |  | 
| Beastiary | 2 |  | 
| Spirit Lodge | 1 |  | 
| Great Hall | 1 |  | 
| Fortress | 2 |  | 
| Tauren Totem | 1 |  | 
                21 total
 » build order
                00:03 Altar of Storms
00:11 Orc Burrow
00:40 Barracks
01:30 Orc Burrow
02:27 Voodoo Lounge
02:52 Stronghold
02:52 Stronghold
03:59 Orc Burrow
04:48 War Mill
06:01 Beastiary
06:05 Spirit Lodge
07:34 Orc Burrow
11:59 Orc Burrow
11:59 Orc Burrow
12:55 Orc Burrow
13:05 Great Hall
18:35 Fortress
18:35 Fortress
19:20 Voodoo Lounge
24:13 Tauren Totem
27:10 Beastiary
» items
                
                | Healing Salve | 10 |  | 
| Lesser Clarity Potion | 6 |  | 
| Scroll of Speed | 3 |  | 
| Boots of Speed | 1 |  | 
| Scroll of Town Portal | 4 |  | 
| Orb of Lightning | 1 |  | 
| Potion of Healing | 1 |  | 
                26 total
  
               
              
              
NADMaN (
pink | 160 APM | 4969 actions | 31:03)
              
 6 Demon Hunter 
 3 Mana Burn
 2 Evasion
 1 Metamorphosis
 5 Keeper of the Grove 
 3 Entangling Roots
 2 Thorns Aura
 3 Pandaren Brewmaster 
 2 Breath of Fire
 1 Drunken Haze
 
                » actions 
                
                | Assign group hotkey | 16 |  | 
| Basic commands | 191 |  | 
| Build / train | 98 |  | 
| ESC pressed | 1 |  | 
| Enter build submenu | 15 |  | 
| Enter hero's abilities submenu | 14 |  | 
| Give item / drop item | 13 |  | 
| Right click | 1915 |  | 
| Select / deselect | 540 |  | 
| Select group hotkey | 1992 |  | 
| Use ability | 173 |  | 
                4969 total
 » units 
                
                | Wisp | 24 |  | 
| Huntress | 6 |  | 
| Dryad | 6 |  | 
| Mountain Giant | 4 |  | 
                40 total
 » upgrades
                
                | Reinforced Hides | 3 |  | 
| Hardened Skin | 1 |  | 
| Resistant Skin | 1 |  | 
| Strength of the Wild | 3 |  | 
| Abolish Magic | 1 |  | 
                9 total
 » buildings
                
                | Altar of Elders | 1 |  | 
| Moon Well | 6 |  | 
| Ancient of War | 1 |  | 
| Hunter's Hall | 1 |  | 
| Tree of Ages | 2 |  | 
| Tree of Eternity | 2 |  | 
| Tree of Life | 3 |  | 
| Ancient of Lore | 2 |  | 
| Ancient of Wonders | 1 |  | 
                19 total
 » build order
                00:05 Altar of Elders
00:19 Moon Well
01:38 Ancient of War
01:41 Hunter's Hall
01:59 Moon Well
03:01 Tree of Ages
03:01 Tree of Ages
03:37 Moon Well
05:58 Tree of Eternity
06:59 Tree of Life
07:02 Ancient of Lore
07:03 Ancient of Lore
08:00 Ancient of Wonders
08:08 Moon Well
14:00 Moon Well
15:00 Moon Well
16:28 Tree of Life
26:45 Tree of Life
» items
                
                | Boots of Speed | 2 |  | 
| Staff of Teleportation | 2 |  | 
| Periapt of Vitality | 3 |  | 
| Scroll of Town Portal | 7 |  | 
| Helm of Valor | 1 |  | 
| Cloak of Flames | 1 |  | 
| Claws of Attack +9 | 1 |  | 
| Staff of Preservation | 2 |  | 
| Orb of Venom | 1 |  | 
| Khadgar's Gem of Health | 1 |  | 
| Warsong Battle Drums | 1 |  | 
                22 total
  
               
              
              
» 
timg4strok (
yellow | 165 APM | 5130 actions | 31:03)
              
 7 Demon Hunter 
 3 Mana Burn
 3 Evasion
 1 Metamorphosis
 5 Priestess of the Moon 
 3 Trueshot Aura
 2 Searing Arrows
 
                » actions 
                
                | Assign group hotkey | 65 |  | 
| Basic commands | 245 |  | 
| Build / train | 129 |  | 
| ESC pressed | 2 |  | 
| Enter build submenu | 20 |  | 
| Enter hero's abilities submenu | 12 |  | 
| Give item / drop item | 14 |  | 
| Right click | 2046 |  | 
| Select / deselect | 667 |  | 
| Select group hotkey | 1781 |  | 
| Use ability | 149 |  | 
                5130 total
 » units 
                
                | Wisp | 21 |  | 
| Archer | 31 |  | 
| Druid of the Talon | 18 |  | 
| Dryad | 3 |  | 
                73 total
 » upgrades
                
                | Improved Bows | 1 |  | 
| Strength of the Moon | 3 |  | 
| Ultravision | 1 |  | 
| Druid of the Talon Training | 2 |  | 
| Moon Armor | 3 |  | 
| Marksmanship | 1 |  | 
| Well Spring | 1 |  | 
| Nature's Blessing | 1 |  | 
| Mark of the Talon | 1 |  | 
| Strength of the Wild | 3 |  | 
| Reinforced Hides | 2 |  | 
| Hippogryph Taming | 1 |  | 
| Backpack | 1 |  | 
| Abolish Magic | 1 |  | 
                22 total
 » buildings
                
                | Altar of Elders | 1 |  | 
| Moon Well | 6 |  | 
| Ancient of War | 1 |  | 
| Tree of Ages | 1 |  | 
| Hunter's Hall | 1 |  | 
| Tree of Life | 3 |  | 
| Ancient of Wind | 1 |  | 
| Tree of Eternity | 1 |  | 
| Ancient of Wonders | 1 |  | 
| Ancient Protector | 2 |  | 
| Ancient of Lore | 2 |  | 
                20 total
 » build order
                00:06 Altar of Elders
00:24 Moon Well
00:49 Ancient of War
01:49 Moon Well
02:57 Tree of Ages
04:27 Hunter's Hall
04:29 Moon Well
04:32 Moon Well
05:02 Tree of Life
05:59 Ancient of Wind
10:03 Tree of Eternity
10:39 Moon Well
12:57 Ancient of Wonders
13:32 Moon Well
16:36 Tree of Life
16:45 Ancient Protector
16:47 Ancient Protector
22:56 Ancient of Lore
23:02 Ancient of Lore
23:44 Tree of Life
» items
                
                | Staff of Teleportation | 1 |  | 
| Boots of Speed | 1 |  | 
| Scroll of Town Portal | 3 |  | 
| Helm of Valor | 1 |  | 
| Orb of Venom | 1 |  | 
| Staff of Preservation | 1 |  | 
| Potion of Healing | 1 |  | 
| Scroll of Healing | 2 |  | 
| Khadgar's Pipe of Insight | 1 |  | 
| Ring of Regeneration | 1 |  | 
| Claws of Attack +12 | 1 |  | 
| Claws of Attack +9 | 1 |  | 
| Hood of Cunning | 1 |  | 
                16 total
  
               team 2 (loser) 
              
              
» 
KindBud-Puff (
red | 78 APM | 2423 actions | 30:54)
              
 4 Archmage 
 2 Summon Water Elemental
 2 Brilliance Aura
 3 Paladin 
 1 Holy Light
 1 Divine Shield
 1 Devotion Aura
 
                » actions 
                
                | Assign group hotkey | 38 |  | 
| Basic commands | 107 |  | 
| Build / train | 109 |  | 
| ESC pressed | 6 |  | 
| Enter build submenu | 41 |  | 
| Enter hero's abilities submenu | 7 |  | 
| Give item / drop item | 1 |  | 
| Right click | 865 |  | 
| Select / deselect | 700 |  | 
| Select group hotkey | 401 |  | 
| Use ability | 148 |  | 
                2423 total
 » units 
                
                | Peasant | 28 |  | 
| Rifleman | 10 |  | 
| Mortar Team | 7 |  | 
| Spell Breaker | 5 |  | 
| Priest | 4 |  | 
| Sorceress | 3 |  | 
| Knight | 1 |  | 
                58 total
 » upgrades
                
                | Long Rifles | 1 |  | 
| Flare | 1 |  | 
| Fragmentation Shards | 1 |  | 
| Priest Training | 2 |  | 
| Gunpowder | 2 |  | 
| Armor | 2 |  | 
| Control Magic | 1 |  | 
| Sorceress Training | 1 |  | 
| Masonry | 1 |  | 
                12 total
 » buildings
                
                | Altar of Kings | 1 |  | 
| Farm | 10 |  | 
| Blacksmith | 1 |  | 
| Barracks | 3 |  | 
| Arcane Vault | 2 |  | 
| Scout Tower | 3 |  | 
| Arcane Tower | 1 |  | 
| Keep | 2 |  | 
| Lumber Mill | 1 |  | 
| Guard Tower | 4 |  | 
| Workshop | 1 |  | 
| Arcane Sanctum | 1 |  | 
| Town Hall | 4 |  | 
| Castle | 1 |  | 
                35 total
 » build order
                00:07 Altar of Kings
00:09 Farm
00:46 Blacksmith
01:24 Barracks
01:32 Barracks
01:49 Farm
02:02 Arcane Vault
02:07 Farm
03:37 Scout Tower
03:40 Scout Tower
04:04 Farm
04:39 Arcane Tower
04:48 Farm
05:08 Keep
05:26 Farm
06:05 Farm
06:08 Lumber Mill
07:26 Scout Tower
08:00 Guard Tower
08:00 Guard Tower
08:01 Guard Tower
09:12 Workshop
10:45 Arcane Sanctum
10:48 Town Hall
12:16 Farm
12:29 Castle
12:55 Farm
13:39 Farm
14:32 Town Hall
23:20 Town Hall
23:39 Town Hall
28:14 Barracks
29:21 Keep
29:24 Arcane Vault
» items
                
                | Scroll of Regeneration | 3 |  | 
| Scroll of Town Portal | 6 |  | 
| Lesser Clarity Potion | 1 |  | 
| Potion of Healing | 3 |  | 
                13 total
  
               
              
              
» 
Mavic-Puff (
green | 86 APM | 2667 actions | 31:02)
              
 5 Death Knight 
 3 Death Coil
 1 Unholy Aura
 1 Death Pact
 4 Lich 
 1 Frost Armor
 2 Frost Nova
 1 Dark Ritual
 3 Crypt Lord 
 2 Impale
 1 Spiked Carapace
 
                » actions 
                
                | Assign group hotkey | 31 |  | 
| Basic commands | 150 |  | 
| Build / train | 97 |  | 
| ESC pressed | 2 |  | 
| Enter build submenu | 17 |  | 
| Enter hero's abilities submenu | 12 |  | 
| Give item / drop item | 4 |  | 
| Right click | 1105 |  | 
| Select / deselect | 740 |  | 
| Select group hotkey | 391 |  | 
| Use ability | 118 |  | 
                2667 total
 » units 
                
                | Acolyte | 8 |  | 
| Ghoul | 6 |  | 
| Crypt Fiend | 8 |  | 
| Obsidian Statue | 7 |  | 
| Abomination | 11 |  | 
| Frost Wyrm | 2 |  | 
                42 total
 » upgrades
                
                | Creature Attack | 2 |  | 
| Creature Carapace | 1 |  | 
| Burrow | 1 |  | 
| Disease Cloud | 1 |  | 
| Unholy Armor | 1 |  | 
| Destroyer Form | 1 |  | 
| Web | 1 |  | 
                8 total
 » buildings
                
                | Graveyard | 1 |  | 
| Crypt | 1 |  | 
| Altar of Darkness | 1 |  | 
| Ziggurat | 6 |  | 
| Tomb of Relics | 1 |  | 
| Nerubian Tower | 3 |  | 
| Halls of the Dead | 4 |  | 
| Slaughterhouse | 2 |  | 
| Black Citadel | 2 |  | 
| Sacrificial Pit | 1 |  | 
| Spirit Tower | 4 |  | 
| Boneyard | 1 |  | 
                27 total
 » build order
                00:12 Graveyard
00:18 Crypt
00:46 Altar of Darkness
00:57 Ziggurat
01:13 Ziggurat
01:47 Tomb of Relics
02:00 Nerubian Tower
02:00 Nerubian Tower
02:01 Nerubian Tower
04:10 Halls of the Dead
04:10 Halls of the Dead
04:10 Halls of the Dead
04:31 Ziggurat
05:10 Ziggurat
07:19 Slaughterhouse
08:47 Black Citadel
08:48 Black Citadel
11:47 Slaughterhouse
13:20 Ziggurat
16:22 Sacrificial Pit
16:43 Spirit Tower
20:07 Boneyard
21:20 Ziggurat
24:04 Spirit Tower
24:23 Spirit Tower
24:24 Spirit Tower
» items
                
                | Rod of Necromancy | 2 |  | 
| Scroll of Town Portal | 14 |  | 
| Potion of Healing | 1 |  | 
| Orb of Corruption | 2 |  | 
                19 total
  
               
              
              
» 
Purethc-puff (
purple | 113 APM | 3494 actions | 31:02)
              
 4 Demon Hunter 
 2 Mana Burn
 2 Evasion
 2 Priestess of the Moon 
 1 Searing Arrows
 1 Trueshot Aura
 
                » actions 
                
                | Assign group hotkey | 26 |  | 
| Basic commands | 1 |  | 
| Build / train | 73 |  | 
| Enter build submenu | 21 |  | 
| Enter hero's abilities submenu | 6 |  | 
| Remove unit from queue | 5 |  | 
| Right click | 1761 |  | 
| Select / deselect | 617 |  | 
| Select group hotkey | 914 |  | 
| Use ability | 70 |  | 
                3494 total
 » units 
                
                | Wisp | 18 |  | 
| Huntress | 5 |  | 
| Druid of the Claw | 10 |  | 
| Dryad | 6 |  | 
                39 total
 » upgrades
                
                | Druid of the Claw Training | 2 |  | 
| Reinforced Hides | 3 |  | 
| Abolish Magic | 1 |  | 
| Strength of the Wild | 3 |  | 
| Strength of the Moon | 0 |  | 
                9 total
 » buildings
                
                | Altar of Elders | 2 |  | 
| Moon Well | 7 |  | 
| Ancient of War | 1 |  | 
| Hunter's Hall | 1 |  | 
| Ancient of Wonders | 1 |  | 
| Tree of Ages | 1 |  | 
| Ancient of Lore | 7 |  | 
| Tree of Eternity | 1 |  | 
                21 total
 » build order
                00:05 Altar of Elders
00:17 Moon Well
01:10 Ancient of War
01:56 Hunter's Hall
02:00 Moon Well
02:14 Ancient of Wonders
03:24 Tree of Ages
03:44 Moon Well
05:56 Ancient of Lore
05:58 Ancient of Lore
07:52 Moon Well
08:11 Tree of Eternity
08:49 Moon Well
13:50 Moon Well
14:45 Moon Well
19:05 Ancient of Lore
19:11 Ancient of Lore
19:13 Ancient of Lore
28:12 Ancient of Lore
28:15 Ancient of Lore
28:49 Altar of Elders
» items
                
                | Scroll of Town Portal | 3 |  | 
| Ivory Tower | 3 |  | 
| Potion of Healing | 2 |  | 
| Lesser Clarity Potion | 1 |  | 
| Scroll of Regeneration | 1 |  | 
                10 total